 Dungeon Crawl Stone Soup version 0.26.0-10-g1f06aea511 (webtiles) character file.

Game seed: 7855517902083500547

93 dohliylev the Skirmisher (level 4, -6/41 HPs)
             Began as a Hill Orc Abyssal Knight on Jan 28, 2021.
             Was a Believer of Lugonu.
             Mangled by a gnoll
             ... wielding a +3 flail of distortion
              (7 damage)
             ... on level 3 of the Dungeon.
             The game lasted 00:03:36 (2958 turns).

dohliylev the Skirmisher (Hill Orc Abyssal Knight)  Turns: 2958, Time: 00:03:36

Health: -6/41      AC:  7    Str: 15    XL:     4   Next: 61%
Magic:  4/5        EV:  9    Int: 12    God:    Lugonu [**....]
Gold:   149        SH:  0    Dex: 10    Spells: 3/3 levels left

rFire    . . .     SeeInvis .   a - +1 hand axe
rCold    . . .     Faith    .   (no shield)
rNeg     . . .     Spirit   .   h - +0 scale mail
rPois    .         Reflect  .   c - +0 helmet
rElec    .         Harm     .   (no cloak)
rCorr    .         Rampage  .   (no gloves)
Will     .....                  (no boots)
Stlth    ..........             (no amulet)
HPRegen  0.13/turn              (no ring)
MPRegen  0.09/turn              (no ring)

@: no status effects
A: no striking features
a: Renounce Religion, Depart the Abyss, Bend Space


You were on level 3 of the Dungeon.
You worshipped Lugonu.
Lugonu was pleased with you.
You visited 1 branch of the dungeon, and saw 4 of its levels.
You visited the Abyss 1 time.

You collected 149 gold pieces.

Inventory:

Hand Weapons
 a - a +1 hand axe (weapon)
Armour
 c - a +0 helmet (worn)
 h - a +0 scale mail (worn)
Scrolls
 b - 4 scrolls of amnesia {unknown}
 d - 2 scrolls of remove curse {unknown}
 j - 2 scrolls of identify {unknown}
 k - a scroll of blinking {unknown}
 l - 4 scrolls of immolation {unknown}
Potions
 e - a potion of attraction {unknown}
 f - 3 potions of magic {unknown}
 g - 2 potions of degeneration {unknown}
 i - a potion of invisibility {unknown}
 m - 2 potions of berserk rage {unknown}
 n - 3 potions of curing {unknown}


   Skills:
 + Level 4.7 Fighting
 + Level 4.1 Axes
 + Level 2.8 Armour
 + Level 1.4 Dodging
 + Level 2.4 Invocations


You had 3 spell levels left.
You didn't know any spells.
Your spell library was empty.

Dungeon Overview and Level Annotations

Branches:
Dungeon (4/15)
 Temple: D:4-7

Altars:
Ashenzari
Fedhas
Gozag
The Shining One

Portals:
Abyss: D:3

Annotations:
D:3 1 transporter, IHuginn's ghost, amateur OpBr


Message History

You enter a dispersal trap!
The ufetubus blinks! x2
The small abomination blinks!
IHuginn's ghost blinks!
You blink.
Space bends around you!
You blink.
Really walk into that dispersal trap?
You enter a dispersal trap!
The ufetubus blinks!
IHuginn's ghost blinks!
You blink.
You see here 8 gold pieces.
You completely miss the ufetubus.
The ufetubus is lightly wounded.
The ufetubus closely misses you. x2; The gnoll enters a dispersal trap!
The small abomination blinks!
The ufetubus blinks!
The iron imp blinks!
You blink.
The gnoll blinks!
The ufetubus hits you but does no damage.
The ufetubus hits you.
* * * LOW HITPOINT WARNING * * *
Really walk into that dispersal trap?
You enter a dispersal trap!
The gnoll blinks!
The ufetubus blinks! x2
The small abomination blinks!
The gnoll blinks!
You blink.
The gnoll hits you with a +3 flail of distortion!
You die...

....############...##+#####.##..#
....############....#.......###.#
....#............#...........##..
....#.#####......................
....#.# #..###..###....[........
....#.# ##.##§####.##.###...)....
....#.# #..#§.§###.§#####....###.
#[....###..#.§.5.g##....#©...#...
#......#..##.##x@#§^...##........
.......#.##.#.###§####.#.........
.........##...#.##.#..##.........
..........##§##.©#.^.##..#+###...
...........###..##...#...#.# #...
########........#..#.#...#.# #...
##......##.^..###.#.# #... ####
#..#####..(.#. #...# #... ...#
#.#####?.###...##..# #...


You could see a small abomination, a gnoll and an ufetubus.

Vanquished Creatures
  4 adders
  An ooze (D:3)
  2 worms (D:3)
  2 dart slugs
  An orc (D:3)
  4 giant cockroaches
  2 goblins
  4 hobgoblins
  9 jackals
  2 bats
  4 frilled lizards
  2 kobolds (D:1)
  5 rats
42 creatures vanquished.

Notes
Turn   | Place    | Note
-------+----------+-------------------------------------------
     0 | Abyss:1  | dohliylev the Hill Orc Abyssal Knight began the quest for
                  | the Orb.
     0 | Abyss:1  | Reached XP level 1. HP: 19/19 MP: 2/2
   138 | Abyss:1  | Noticed a ynoxinul
   148 | Abyss:1  | Noticed an orange demon
   156 | D:1      | Escaped the Abyss
   280 | D:1      | Reached XP level 2. HP: 22/27 MP: 3/3
   382 | D:1      | Reached * piety under Lugonu
   569 | D:1      | Reached skill level 1 in Dodging
  1003 | D:2      | Reached XP level 3. HP: 33/33 MP: 4/4
  1076 | D:2      | Found a glowing golden altar of the Shining One.
  1077 | D:2      | Found an opulent altar of Gozag.
  1077 | D:2      | Found a blossoming altar of Fedhas.
  1990 | D:3      | Reached XP level 4. HP: 33/41 MP: 5/5
  2052 | D:3      | Found a transporter.
  2145 | D:3      | Found a one-way gate to the infinite horrors of the Abyss.
  2145 | D:3      | Noticed IHuginn's ghost (amateur OpBr)
  2153 | D:3      | Found a transporter.
  2174 | D:3      | Found a broken altar of Ashenzari.
  2378 | D:3      | Noticed a small abomination
  2638 | D:3      | Reached ** piety under Lugonu
  2957 | D:3      | HP: 1/41 [ufetubus (2)]
  2958 | D:3      | Mangled by a gnoll

Illustrated notes

Levels and vault maps discovered:
D:1:      dpeg_arrival_boxorama, layout_rooms
D:2:      layout_loops_ring, grunt_temple_overflow_open,
          minmay_misc_feat_enclosed
D:3:      layout_basic, gammafunk_ghost_abyssal_escape,
          nicolae_ashenzari_panopticon
D:4:      minmay_chambers_of_threes, layout_loops_ring, grunt_ministairs_5

Skill      XL: |  1  2  3  4 |
---------------+-------------+-----
Fighting       | 4 |  4.7
Dodging        | 1 |  1.4
Axes           | 3 4 |  4.1
Armour         | |  2.8
Invocations    | |  2.4

Action                   |  1- 3 |  4- 6 || total
-------------------------+-------+-------++-------
Melee: Hand axe          |   107 |    67 ||   174
Invok: Depart the Abyss  |     1 |       ||     1
       Bend Space        |       |     1 ||     1
Armor: Leather armour    |    25 |       ||    25
       Scale mail        |    34 |    46 ||    80
Dodge: Dodged            |    82 |    55 ||   137
